 Dungeon Crawl Stone Soup version 0.20.1-1-g8b1a95d (webtiles) character file.

116 kae the Insei (level 4, 34/34 HPs)
             Began as a Demonspawn Gladiator on Sept 15, 2017.
             Quit the game on level 2 of the Dungeon.
             The game lasted 00:02:51 (2976 turns).

kae the Insei (Demonspawn Gladiator)                Turns: 2976, Time: 00:02:52

Health: 34/34      AC:  6    Str: 15    XL:     4   Next: 69%
Magic:  4/4        EV: 12    Int:  9    God:
Gold:   109        SH:  0    Dex: 15    Spells: 3/3 levels left

rFire    . . .     SeeInvis .     - Unarmed
rCold    . . .     Gourm    .   (no shield)
rNeg     . . .     Faith    .   a - +0 leather armour
rPois    .         Spirit   .   b - +0 helmet
rElec    .         Reflect  .   (no cloak)
rCorr    .         Harm     .   (no gloves)
MR       .....                  (no boots)
Stlth    +.........             (no amulet)
Regen    0.2/turn               (no ring)
MPRegen  0.1/turn               (no ring)

@: no status effects
A: thin metallic scales 1, powered by pain 1
a: no special abilities


You were on level 2 of the Dungeon.
You were hungry.

You visited 1 branch of the dungeon, and saw 2 of its levels.

You collected 109 gold pieces.

Inventory:

Missiles
 c - 3 throwing nets (quivered)
Armour
 a - a +0 leather armour (worn)
 b - a +0 helmet (worn)
Jewellery
 m - a +4 ring of dexterity {unknown}
Scrolls
 i - 2 scrolls of remove curse {unknown}
Potions
 e - a potion of might
 g - a potion of lignification
 h - a potion of degeneration {unknown}
 j - a potion of mutation {unknown}
 k - a potion of magic {unknown}
 l - a potion of heal wounds {unknown}
Comestibles
 d - a bread ration
 f - a meat ration


   Skills:
 + Level 2.6 Fighting
 * Level 3.3 Throwing
 - Level 2.6 Dodging
 * Level 3.7 Unarmed Combat


You had 3 spell levels left.
You didn't know any spells.

Dungeon Overview and Level Annotations

Branches:
Dungeon (2/15)

Altars:
Gozag


Innate Abilities, Weirdness & Mutations

You are partially covered in thin metallic scales. (AC +2)
You sometimes gain a little power by taking damage.


Message History

m - a blackened coral ring You now have 83 gold pieces (gained 7).
You see here a short sword.
You see here a club.
You are feeling hungry.
Found a stone staircase leading down.
Found an opulent altar of Gozag.
You now have 92 gold pieces (gained 9).
You now have 109 gold pieces (gained 17).
There is an opulent altar of Gozag here.
Found 14 stones.
You see here a stone.
You see here 2 stones.
There is a stone staircase leading down here.
Key pressed, stopping explore.
Done exploring.
Done exploring.
Done exploring.
Done exploring.
Are you sure you want to abandon this character and quit the game? (Confirm with "yes".)

.....# ##...#.##.#.# #.#
.....# #.###.##.#.## #.#
.....# #...#.##.#..# #.#
.....# ###.#.#..##.# #.#
.....# #.#.#.###.# #.#
.....# #.#.#.# #.# #.#
.....#######.#.#.# #.# #.#
.......[...#.#.#.# #.# #.#
####.#####.#.#.#@###.# #.#
#.# #...#.#.#.....# #.#
####.###.###.#.###########.#
.............#.#........(..#
........######'#'###########
..................#
..................#
....(.)...........#
####..............#


There were no monsters in sight!

Vanquished Creatures
  Robin (D:2)
  2 adders (D:2)
  An ooze (D:1)
  4 worms (D:2)
  A dart slug (D:2)
  2 leopard geckos (D:1)
  6 giant cockroaches
  17 goblins
  8 hobgoblins
  4 jackals (D:2)
  2 kobolds (D:2)
  10 bats
  A frilled lizard (D:2)
  A rat (D:2)
60 creatures vanquished.

Notes
Turn   | Place    | Note
-------+----------+-------------------------------------------
     0 | D:1      | kae the Demonspawn Gladiator began the quest for the Orb.
     0 | D:1      | Reached XP level 1. HP: 16/16 MP: 1/1
   123 | D:1      | Gained mutation: You are partially covered in thin metallic scales. (AC +2) [demonic ancestry]
   123 | D:1      | Reached XP level 2. HP: 8/22 MP: 2/2
   670 | D:1      | Gained mutation: You sometimes gain a little power by taking damage. [demonic ancestry]
   670 | D:1      | Reached XP level 3. HP: 18/28 MP: 3/3
  1100 | D:2      | HP: 1/28 [dart slug (1)]
  1374 | D:2      | Noticed Robin
  1844 | D:1      | Reached XP level 4. HP: 17/34 MP: 4/4
  2050 | D:2      | Killed Robin
  2870 | D:2      | Found an opulent altar of Gozag.
  2976 | D:2      | Quit the game

Skill      XL: |  1  2  3  4 |
---------------+-------------+-----
Throwing       | 2 3 |  3.3
Unarmed Combat | 3 |  3.7
Fighting       | |  2.6
Dodging        | |  2.6

Action                   |  1- 3 |  4- 6 || total
-------------------------+-------+-------++-------
Melee: Unarmed           |   159 |   118 ||   277
       Punch             |     2 |       ||     2
  Use: Scroll            |     4 |       ||     4
       Potion            |     1 |       ||     1
  Eat: Chunk             |     1 |     5 ||     6
Armor: Leather armour    |    81 |    58 ||   139
Dodge: Dodged            |   149 |    93 ||   242
